 Dungeon Crawl Stone Soup version 0.32-a0-132-g2d33c3cfaf (webtiles) character file.

Game seed: 15494043053628698490

1325 zeratav the Mimic (level 8, -1/55 HPs)
             Began as an Octopode Shapeshifter on Feb 9, 2024.
             Slain by Grinder (2 damage)
             ... on level 6 of the Dungeon.
             The game lasted 00:09:34 (6293 turns).

zeratav the Mimic (Octopode Shapeshifter)           Turns: 6293, Time: 00:09:35

Health: -1/55      AC:  1    Str: 13 (15) XL:     8   Next: 60%
Magic:  8/8        EV: 13    Int:  9 (12) God:
Gold:   309        SH:  0    Dex: 11 (12) Spells: 7/7 levels left

rFire   + .          .
                       - Unarmed
rCold   . . .        (no shield)
rNeg    . . .        (helmet currently unavailable)
rPois   .            t - amulet of the acrobat
rElec   .            o - ring of protection from fire
rCorr   .            (no ring)
SInv    .            (no ring)
Will    .....        (no ring)
Stlth   ++++         (no ring)
HPRegen 0.29/turn    (no ring)
MPRegen 0.11/turn    (no ring)
                     (no ring)

%: acrobat
@: beast-form
A: beast (slay +4), almost no armour, amphibious, 8 rings, camouflage 1,
gelatinous body 1, (nimble swimmer 1), tentacles
a: Begin Untransformation


You were on level 6 of the Dungeon.
You were a hulking beast.
You visited 1 branch of the dungeon, and saw 6 of its levels.

You collected 309 gold pieces.


Innate Abilities, Weirdness & Mutations

You are a hulking beast.
Your limbs bulge with bestial killing power. (Slay +4)
You cannot wear most types of armour.
You are amphibious.
You can wear up to eight rings at the same time.
Your skin changes colour to match your surroundings (Stealth+).
Your rubbery body absorbs attacks. (AC +1, EV +1)
((You are camouflaged when in or above water. (Stealth+)))
You have tentacles for arms and can constrict up to eight enemies at once.


   Skills:
 - Level 5.0 Fighting
 - Level 2.0 Dodging
 - Level 5.0 Stealth
 - Level 3.0 Unarmed Combat
 + Level 8.0 Shapeshifting


You had 7 spell levels left.
You didn't know any spells.
Your spell library contained the following spells:

 Spells                   Type           Power      Damage    Failure   Level
 Gell's Gravitas          Tloc           0%         N/A       77%         3
 Hailstorm                Conj/Ice       0%         3d5       77%         3
 Inner Flame              Hex/Fire       0%         N/A       77%         3
 Summon Ice Beast         Ice/Summ       0%         N/A       77%         3
 Teleport Other           Tloc           0%         N/A       77%         3
 Flame Wave               Conj/Fire      0%         2d4       99%         4
 Sticky Flame             Fire/Alch      0%         2d4       99%         4
 Dispersal                Tloc           0%         N/A       100%        6
 Sculpt Simulacrum        Ice/Alch       0%         N/A       100%        6

Inventory:

Jewellery
 g - a ring of flight
   (You found it on level 6 of the Dungeon)
 o - a ring of protection from fire (left tentacle)
   (You found it on level 6 of the Dungeon)
 t - an amulet of the acrobat (around mantle)
   (You found it on level 3 of the Dungeon)
 B - an amulet of guardian spirit
   (You took it off an orc on level 6 of the Dungeon)
Talismans
 b - a beast talisman
 c - a flux talisman
Scrolls
 e - a scroll of revelation
 i - a scroll of noise {!r}
 j - a scroll of teleportation {@r4}
 m - a scroll of vulnerability {!r!r}
 n - 2 scrolls of fear
 s - a scroll of enchant weapon {unknown}
 v - a scroll of fog {unknown}
 w - 2 scrolls of blinking {!r}
 x - 3 scrolls of poison {!r}
 y - a scroll of amnesia {unknown}
 z - 2 scrolls of summoning {unknown}
Potions
 a - a potion of lignification {!q}
 d - 3 potions of curing {@q1}
 h - a potion of attraction {unknown}
 k - a potion of magic {unknown}
 l - a potion of ambrosia {unknown}
 p - 2 potions of haste {unknown}
 q - a potion of mutation {unknown}
 r - a potion of enlightenment {unknown}
 u - a potion of brilliance {unknown}
 A - a potion of might {unknown}

Dungeon Overview and Level Annotations

Branches:
Dungeon (6/15) Zot: 26334
 Temple: D:4-7

Altars:
Cheibriados
Kikubaaqudgha
Sif Muna
Trog
Zin

Shops:
D:4 *

Annotations:
D:3 exclusion: downstairs
D:4 exclusion: jelly, Eustachio
D:5 1 runed translucent door, Prince Ribbit; justen's ghost, weakling TrBe
D:6 Grinder; Sigmund

#. .###...... ...
.#......#
....#.......##
.....#........##
................
............>...
................
.. ........h..#
.##. .......5...#
...§§§..........#
.§§≈§§.......###
##§§§#####..[#
##§.≈.####....#
....§..#.#..###
#..........#######
#....#......#..#.#


You could see Grinder.


Message History

* * * LOW HITPOINT WARNING * * *
HP[-1]
You take 1 damage, and now have 9/55 hp.
You bludgeon Menkaure!
You destroy Menkaure!
You start resting.
Grinder comes into view.
HP[+20]
You regained 20 hp, and now have 29/55 hp.
HP[+1] HP[+1]
You start resting.
Grinder is nearby!
HP[+2]
You regained 2 hp, and now have 33/55 hp.
You start resting.
Grinder is nearby!
HP[+1] HP[+1]
You start resting.
Grinder is nearby!
HP[+5]
You regained 5 hp, and now have 40/55 hp.
HP[+1]
You start resting.
Grinder is nearby!
HP[+2]
You regained 2 hp, and now have 43/55 hp.
HP[+1]
You start resting.
HP[+11]
Your hp is fully restored (55).
Okay, then.
It was a potion of curing.
You feel better.
It was a potion of degeneration.
There was something very wrong with that liquid.
You feel weakened.
You feel dopey.
You feel clumsy.
You are a hulking beast.
You have 8 tentacles available for constriction.
Your movement speed is average.
Your attack delay is about 0.9.
Your damage rating with unarmed combat is about 10 (Base [3 + 3 (UC)] x 107% (Str) x 108% (Fight) + 4 (Slay)).
Your base attributes are Str 15, Int 12, Dex 12.
Annotate which branch? (. - D:6, ? - help, ! - show branch list)
Okay, then.
Char dumped successfully.
You drop 3 potions of degeneration {!q}.
Grinder blinks!
An ice beast comes into view.
Found a stone staircase leading down.
Nothing quivered!
Okay, then.
Grinder gestures at you. You resist with some effort.
The helpless ice beast fails to defend itself.
You bludgeon the ice beast! You tentacle-slap the ice beast.
Grinder blinks!
The ice beast closely misses you.
You tentacle-slap the ice beast. Grinder gestures at you.
Pain shoots through your body! The ice beast barely misses you.
HP[-5]
You take 5 damage, and now have 50/55 hp.
You tentacle-slap the ice beast. Grinder misses you. The ice beast hits you.
The ice beast freezes you!
HP[-12]
You take 12 damage, and now have 38/55 hp.
MASSIVE DAMAGE!! (PAUSE)
You tentacle-slap the ice beast. You squeeze the ice beast!
You kill the ice beast!
Grinder gestures at you. Pain shoots through your body!
Your Shapeshifting skill increases to level 8!
HP[-9]
You take 9 damage, and now have 29/55 hp.
You tentacle-slap Grinder. Your grab misses Grinder. You tentacle-slap Grinder.
Your grab misses Grinder. Grinder gestures at you. You resist with some effort.
You tentacle-slap Grinder. Your grab misses Grinder.
Your squeeze misses Grinder. Grinder hits you.
* * * LOW HITPOINT WARNING * * *
You writhe in agony.
* * * LOW HITPOINT WARNING * * *
HP[-7]
You take 7 damage, and now have 22/55 hp.
You tentacle-slap Grinder but do no damage.
You grab Grinder.
Your tentacle-slap misses Grinder.
You constrict Grinder.
Grinder says, "DUCK!"
Grinder hits you!
* * * LOW HITPOINT WARNING * * *
You writhe in agony.
* * * LOW HITPOINT WARNING * * *
HP[-12]
You take 12 damage, and now have 10/55 hp.
MASSIVE DAMAGE!! (PAUSE)
Okay, then.
You tentacle-slap Grinder. You constrict Grinder. Grinder hits you!
* * * LOW HITPOINT WARNING * * *
You writhe in agony.
You die...
Grinder says, "Hey, I wasn't done torturing you yet!"

Skill      XL: |  1  2  3  4  5  6  7  8 |
---------------+-------------------------+-----
Stealth        | 2 3 5 |  5.0
Fighting       | 3 4 5 |  5.0
Shapeshifting  | 4 7 8 |  8.0
Dodging        | |  2.0
Unarmed Combat | |  3.0

Action                     |  1- 3 |  4- 6 |  7- 9 || total
---------------------------+-------+-------+-------++-------
  Melee: Unarmed           |    70 |   124 |    85 ||   279
         Constrict         |    18 |    32 |    14 ||    64
         Tentacles         |    11 |    27 |    17 ||    55
         Punch             |       |     9 |     8 ||    17
    Use: Scroll            |       |       |    10 ||    10
         Potion            |       |       |     2 ||     2
   Stab: Sleeping          |    13 |    10 |     4 ||    27
 Armour: Skin              |    26 |    55 |    34 ||   115
  Dodge: Dodged            |    34 |    71 |    49 ||   154

Levels and vault maps discovered:
D:1:      nicolae_arrival_somewhat_less_tricky_arrival, layout_loops_corners
D:2:      layout_basic, amcnicky_mini_rare_corridor_liquid
D:3:      layout_basic, kennysheep_slug_shrine, nicolae_sif_muna_condensation,
          mainiacjoe_overflow_brackets, minivault_14, solitary_fountain,
          bh_walls_and_bars, uniq_jessica
D:4:      layout_basic, trog_hazing_becter, serial_library,
          serial_library_hellmonk_semicircle, serial_library_regret_index_multi,
          serial_library_hellmonk_open_cross,
          serial_library_hellmonk_small_corner,
          serial_library_hellmonk_reading_circle,
          serial_library_hellmonk_junction, serial_shops, shop,
          grunt_ministairs_5, uniq_eustachio
D:5:      layout_basic, zin_treasury, ebering_ghost_inner_flame,
          grunt_ministairs_15, uniq_prince_ribbit1, uniq_blork_the_orc
D:6:      layout_cave_pools, mainiacjoe_overflow_concentric_impassable,
          mainiacjoe_overflow_boulevard, uniq_sigmund, uniq_grinder,
          uniq_menkaure

Notes
Turn   | Place    | Note
-------+----------+-------------------------------------------
     0 | D:1      | zeratav the Octopode Shapeshifter began the quest for the
                  | Orb.
     0 | D:1      | Reached XP level 1. HP: 13/13 MP: 1/1
     0 | D:1      | magus.rc [v1.9.6]
    58 | D:1      | Reached skill level 1 in Stealth
    82 | D:1      | You pick up a book of Flames and begin reading...
    82 | D:1      | You add the spells Inner Flame, Sticky Flame and Flame Wave
                  | to your library.
   146 | D:1      | Reached skill level 2 in Stealth
   148 | D:1      | Reached XP level 2. HP: 18/18 MP: 2/2
   327 | D:1      | Reached skill level 3 in Stealth
   467 | D:1      | Reached XP level 3. HP: 22/23 MP: 3/3
   807 | D:1      | You fall into a shaft and drop 1 floor!
   903 | D:1      | Reached skill level 4 in Stealth
  1604 | D:2      | Reached skill level 5 in Stealth
  1752 | D:3      | Reached XP level 4. HP: 28/28 MP: 4/4
  1799 | D:3      | Found an ancient bone altar of Kikubaaqudgha.
  1818 | D:3      | Reached skill level 2 in Fighting
  1956 | D:3      | Noticed Jessica
  1963 | D:3      | Killed Jessica
  1964 | D:3      | Reached skill level 3 in Fighting
  1964 | D:3      | Reached XP level 5. HP: 36/36 MP: 5/5
  1971 | D:3      | Found a shimmering blue altar of Sif Muna.
  2458 | D:3      | HP: 7/37 [orc/+0 club (5)]
  2704 | D:3      | Found a snail-covered altar of Cheibriados.
  2823 | D:4      | Reached skill level 4 in Fighting
  2857 | D:4      | Noticed Eustachio
  3046 | D:4      | Noticed a phantom
  3096 | D:4      | Reached XP level 6. HP: 41/44 MP: 6/6
  3097 | D:4      | You pick up a book of the Tundra and begin reading...
  3097 | D:4      | You add the spells Hailstorm, Summon Ice Beast and Sculpt
                  | Simulacrum to your library.
  3364 | D:4      | Reached skill level 5 in Fighting
  3444 | D:4      | Found a bloodstained altar of Trog.
  3745 | D:4      | Found Besusu's General Store.
  4138 | D:5      | Entered Level 5 of the Dungeon
  4291 | D:5      | Noticed Prince Ribbit
  4326 | D:5      | Reached skill level 4 in Shapeshifting
  4326 | D:5      | Reached XP level 7. HP: 45/50 MP: 7/7
  4365 | D:5      | Noticed Blork the orc
  4373 | D:5      | Killed Blork the orc
  4592 | D:5      | Reached skill level 5 in Shapeshifting
  4601 | D:5      | You add the spells Gell's Gravitas, Teleport Other and
                  | Dispersal to your library.
  5083 | D:5      | Found a runed translucent door.
  5083 | D:5      | Noticed justen's ghost (weakling TrBe)
  5111 | D:5      | Found a glowing silver altar of Zin.
  5665 | D:6      | Noticed Sigmund
  5832 | D:6      | Noticed a komodo dragon
  5837 | D:6      | Reached skill level 6 in Shapeshifting
  5846 | D:6      | Killed a komodo dragon
  5847 | D:6      | Reached skill level 7 in Shapeshifting
  5847 | D:6      | Reached XP level 8. HP: 29/55 MP: 8/8
  6089 | D:6      | Noticed Menkaure
  6099 | D:6      | HP: 10/55 [Menkaure (21)]
  6103 | D:6      | Killed Menkaure
  6172 | D:6      | Noticed Grinder
  6289 | D:6      | Reached skill level 8 in Shapeshifting
  6292 | D:6      | HP: 13/55 [Grinder (10)]
  6293 | D:6      | HP: 1/55 [Grinder (9)]
  6293 | D:6      | Slain by Grinder

Vanquished Creatures
  A komodo dragon (D:6)
  Menkaure (D:6)
  An ice beast (D:6)
  2 phantoms
  Blork the orc (D:5)
  A gnoll sergeant (D:5)
  A bombardier beetle (D:3)
  4 hounds
  An orc priest (D:3)
  2 iguanas
  A jelly (D:5)
  2 sleepcaps
  Jessica (D:3)
  5 adders
  8 gnolls (D:5)
  A shadow imp (D:6)
  3 dart slugs
  3 ribbon worms
  11 orcs
  7 endoplasms
  A giant cockroach (D:1)
  10 goblins
  9 hobgoblins
  8 jackals
  3 quokkas
  7 ball pythons
  7 bats
  8 frilled lizards
  5 kobolds
  2 rats
117 creatures vanquished.

Table legend:
 A = Non-vault XP
 B = Vault XP
 C = Vault XP percentage of total XP
 D = Non-vault monster count
 E = Vault monster count
 F = Vault count percentage of total count
                 A         B        C        D         E       F
            +---------+---------+-------+---------+---------+-------
      Total |    1526 |     367 |  19.4 |     105 |      12 |  10.3
            +---------+---------+-------+---------+---------+-------
        D:1 |      45 |       0 |   0.0 |      28 |       0 |   0.0
        D:2 |      33 |       0 |   0.0 |      12 |       0 |   0.0
        D:3 |     146 |      41 |  21.9 |      28 |       2 |   6.7
        D:4 |     232 |      12 |   4.9 |      14 |       6 |  30.0
        D:5 |     344 |     145 |  29.7 |      15 |       3 |  16.7
        D:6 |     726 |     169 |  18.9 |       8 |       1 |  11.1
            +---------+---------+-------+---------+---------+-------

Skill      XL: |  1  2  3  4  5  6  7  8 |
---------------+-------------------------+-----
Stealth        | 2 3 5 |  5.0
Fighting       | 3 4 5 |  5.0
Shapeshifting  | 4 7 8 |  8.0
Dodging        | |  2.0
Unarmed Combat | |  3.0

Action                     |  1- 3 |  4- 6 |  7- 9 || total
---------------------------+-------+-------+-------++-------
  Melee: Unarmed           |    70 |   124 |    85 ||   279
         Constrict         |    18 |    32 |    14 ||    64
         Tentacles         |    11 |    27 |    17 ||    55
         Punch             |       |     9 |     8 ||    17
    Use: Scroll            |       |       |    10 ||    10
         Potion            |       |       |     2 ||     2
   Stab: Sleeping          |    13 |    10 |     4 ||    27
 Armour: Skin              |    26 |    55 |    34 ||   115
  Dodge: Dodged            |    34 |    71 |    49 ||   154

Illustrated notes

Table legend:
 A = Kills in this place as a percentage of kills in the entire game.
 B = Kills by you in this place as a percentage of kills by you in the entire game.
 C = Kills by friends in this place as a percentage of kills by friends in the entire game.
 D = Other kills in this place as a percentage of other kills in the entire game.
 E = Experience gained in this place as a percentage of experience gained in the entire game.
 F = Experience gained in this place divided by the number of levels of this place that you have seen.
                   A       B       C       D       E      F
               +-------+-------+-------+-------+-------+----------------------
         Total | 100.0 | 100.0 |   N/A |   N/A | 100.0 | 315.5
       Dungeon | 100.0 | 100.0 |   N/A |   N/A | 100.0 | 315.5
               +-------+-------+-------+-------+-------+----------------------

Table legend: (Time is in decaauts)
 A = Elapsed time spent in this place.
 B = Non-inter-level travel time spent in this place.
 C = Inter-level travel time spent in this place.
 D = Time resting spent in this place.
 E = Time spent auto-exploring this place.
 F = Levels seen in this place.
 G = Mean time per level.
                   A        B        C        D        E       F      G
               +--------+--------+--------+--------+--------+-----+--------+
         Total |   6276 |   5849 |    427 |    617 |   4262 |   6 | 1046.0 |
       Dungeon |   6276 |   5849 |    427 |    617 |   4262 |   6 | 1046.0 |
               +--------+--------+--------+--------+--------+-----+--------+

Top non-repeatable levels by time:
     D:5: 1483 daAuts
     D:4: 1314 daAuts
     D:3: 1156 daAuts
     D:1: 1057 daAuts
     D:6: 664 daAuts
     D:2: 600 daAuts
